IL
MEMPHIS REDBIRDS @ RENO ACES
09/15/2044
 
TOP OF THE 1ST
Memphis Redbirds batting - Pitching for Reno Aces : LHP Randy Eisenmann
Pitching: LHP Randy Eisenmann
Batting: RHB Josh Hoeye 0-0: Called Strike
0-1: Ground out 6-3 (Groundball, 6, EV 105.0 MPH)
Batting: LHB Tom Butterbaugh 0-0: Ball
1-0: Ball
2-0: Ball
3-0: Called Strike
3-1: Ground out 4-3 (Groundball, 4, EV 85.6 MPH)
Batting: LHB Tim Olsen 0-0: Called Strike
0-1: Foul Ball, location: 2F
0-2: Strikes out swinging
Top of the 1st over - 0 runs, 0 hits, 0 errors, 0 left on base; Memphis 0 - Reno 0
BOTTOM OF THE 1ST
Reno Aces batting - Pitching for Memphis Redbirds : LHP Justin Harris
Pitching: LHP Justin Harris
Batting: RHB Joe Smack 0-0: Called Strike
0-1: Swinging Strike
0-2: Ground out 6-3 (Groundball, 6, EV 97.5 MPH)
Batting: RHB Andy Swaim 0-0: Ball
1-0: Ball
2-0: Ball
3-0: Called Strike
3-1: Base on Balls
Batting: SHB Salvador Aragon 0-0: Ball
1-0: Called Strike
Andy Swaim steals 2nd base
1-1: Ball
2-1: Swinging Strike
2-2: Ball
3-2: Foul Ball, location: 2F
3-2: Base on Balls
Batting: RHB Katilimomi Kelekolio 0-0: Called Strike
0-1: Ball
1-1: Foul Ball, location: 2F
1-2: Foul Ball, location: 2F
1-2: Fly out, F6 (Popup, 15, EV 80.6 MPH)
Batting: SHB Warren Eisner 0-0: Called Strike
0-1: Ball
1-1: Ball
2-1: Ball
3-1: Base on Balls
Andy Swaim to third
Salvador Aragon to second
Batting: RHB Israel Gaona 0-0: Ball
1-0: Called Strike
1-1: Ball
2-1: Called Strike
2-2: Ball
3-2: Base on Balls
Andy Swaim scores
Salvador Aragon to third
Warren Eisner to second
Batting: RHB Alex Vasquez 0-0: Ball
1-0: Called Strike
1-1: Foul Ball, location: 2F
1-2: Strikes out swinging
Bottom of the 1st over - 1 run, 0 hits, 0 errors, 3 left on base; Memphis 0 - Reno 1
TOP OF THE 2ND
Memphis Redbirds batting - Pitching for Reno Aces : LHP Randy Eisenmann
Batting: RHB Jorge Benites 0-0: Ground out U3 (Groundball, 3, EV 88.1 MPH)
Batting: SHB Quido van Erp 0-0: Called Strike
0-1: Ball
1-1: Called Strike
1-2: Ball
2-2: Foul Ball, location: 2F
2-2: Strikes out swinging
Batting: RHB Travis Leonard 0-0: Ball
1-0: Ball
2-0: Called Strike
2-1: Ball
3-1: Fly out, F9 (Line Drive, 9, EV 88.8 MPH)
Top of the 2nd over - 0 runs, 0 hits, 0 errors, 0 left on base; Memphis 0 - Reno 1
BOTTOM OF THE 2ND
Reno Aces batting - Pitching for Memphis Redbirds : LHP Justin Harris
Batting: LHB Chris Escobar 0-0: Swinging Strike
0-1: Foul Ball, location: 2F
0-2: Ground out 6-3 (Groundball, 6, EV 88.1 MPH)
Batting: SHB Troy Maynard 0-0: Ball
1-0: Swinging Strike
1-1: Foul Ball, location: 2F
1-2: Ball
2-2: Ball
3-2: Base on Balls
Batting: RHB Joe Smack 0-0: Ball
1-0: Called Strike
1-1: SINGLE (Line Drive, 5D, EV 96.9 MPH)
Troy Maynard to second
Batting: RHB Andy Swaim 0-0: Ball
1-0: Foul Ball, location: 2F
1-1: Ground out 5-3 (Groundball, 56S, EV 70.0 MPH)
Troy Maynard to third
Joe Smack to second
Batting: SHB Salvador Aragon 0-0: Called Strike
0-1: Fly out, F3 (Popup, 3S, EV 68.8 MPH)
Bottom of the 2nd over - 0 runs, 1 hit, 0 errors, 2 left on base; Memphis 0 - Reno 1
TOP OF THE 3RD
Memphis Redbirds batting - Pitching for Reno Aces : LHP Randy Eisenmann
Batting: RHB Jason Keller 0-0: Called Strike
0-1: Ball
1-1: Called Strike
1-2: Foul Ball, location: 2F
1-2: Foul Ball, location: 2F
1-2: Fly out, F4 (Popup, 3DF, EV 65.6 MPH)
Batting: RHB Chris Torlak 0-0: Ball
1-0: Ball
2-0: Ball
3-0: Called Strike
3-1: Ground out 4-3 (Groundball, 4M, EV 85.0 MPH)
Batting: RHB Colin Boddy 0-0: DOUBLE (Line Drive, 89XD, EV 110.6 MPH)
Batting: RHB Josh Hoeye 0-0: Swinging Strike
0-1: Ball
1-1: Ball
2-1: Ball
3-1: Base on Balls
Batting: LHB Tom Butterbaugh 0-0: Ground out 5-3 (Groundball, 56, EV 96.2 MPH)
Top of the 3rd over - 0 runs, 1 hit, 0 errors, 2 left on base; Memphis 0 - Reno 1
BOTTOM OF THE 3RD
Reno Aces batting - Pitching for Memphis Redbirds : LHP Justin Harris
Batting: RHB Katilimomi Kelekolio 0-0: Foul Ball, location: 2F
0-1: Ball
1-1: SINGLE (Flyball, 34D, EV 90.0 MPH)
Batting: SHB Warren Eisner 0-0: Ball
1-0: DOUBLE (Flyball, 78XD, EV 97.5 MPH)
Katilimomi Kelekolio to third
Batting: RHB Israel Gaona 0-0: Foul Ball, location: 2F
0-1: Swinging Strike
0-2: Ball
1-2: Ball
2-2: Fly out, F9 (Flyball, 9S, EV 90.0 MPH)
Batting: RHB Alex Vasquez 0-0: Ball
1-0: Called Strike
1-1: Foul Ball, location: 2F
1-2: Ground out 5-3 (Groundball, 5L, EV 85.6 MPH)
Batting: LHB Chris Escobar 0-0: Swinging Strike
0-1: Called Strike
0-2: Strikes out looking
Bottom of the 3rd over - 0 runs, 2 hits, 0 errors, 2 left on base; Memphis 0 - Reno 1
TOP OF THE 4TH
Memphis Redbirds batting - Pitching for Reno Aces : LHP Randy Eisenmann
Batting: LHB Tim Olsen 0-0: Called Strike
0-1: DOUBLE (Line Drive, 9LD, EV 105.6 MPH)
Batting: RHB Jorge Benites 0-0: Called Strike
0-1: Ball
1-1: Ball
2-1: Foul Ball, location: 2F
2-2: Fly out, F7 (Flyball, 78M, EV 82.5 MPH)
Batting: SHB Quido van Erp 0-0: Swinging Strike
0-1: Foul Ball, location: 2F
0-2: Fly out, F9 (Line Drive, 9D, EV 93.1 MPH)
Runner from 2nd tags up, SAFE at 3rd, no throw by RF
Batting: RHB Travis Leonard 0-0: Called Strike
0-1: SINGLE (Groundball, 34S, EV 65.6 MPH) (infield hit)
Tim Olsen scores
Batting: RHB Jason Keller 0-0: Fly out, F8 (Flyball, 8RD, EV 93.1 MPH)
Top of the 4th over - 1 run, 2 hits, 0 errors, 1 left on base; Memphis 1 - Reno 1
BOTTOM OF THE 4TH
Reno Aces batting - Pitching for Memphis Redbirds : LHP Justin Harris
Batting: SHB Troy Maynard 0-0: Called Strike
0-1: Ball
1-1: Ball
2-1: Called Strike
2-2: Ball
3-2: Base on Balls
Batting: RHB Joe Smack 0-0: Foul Ball, location: 2F
0-1: SINGLE (Groundball, 34D, EV 101.2 MPH)
Troy Maynard to second
Runner from 2nd tries for 3rd, SAFE, throw by RF made at trailing runner, OUT! 9-6
Batting: RHB Andy Swaim 0-0: Called Strike
0-1: Reached on error, E6 (Groundball, 6, EV 100.6 MPH)
Troy Maynard scores
Batting: SHB Salvador Aragon 0-0: Called Strike
0-1: Hit by Pitch
Andy Swaim to second
Batting: RHB Katilimomi Kelekolio 0-0: Foul Ball, location: 2F
0-1: Foul Ball, location: 2F
0-2: SINGLE (Groundball, 34D, EV 98.8 MPH)
Andy Swaim to third
Salvador Aragon to second
Runner from 3rd tries for Home, SAFE, throw by RF to home
Batting: SHB Warren Eisner 0-0: Ball
1-0: Ball
2-0: Fielders Choice at 2nd, 4-6 (Groundball, 4S, EV 86.2 MPH)
Salvador Aragon to third
Batting: RHB Israel Gaona 0-0: Ball
1-0: Foul Ball, location: 2F
1-1: Ball
2-1: Foul Ball, location: 2F
2-2: Strikes out swinging
Bottom of the 4th over - 2 runs, 2 hits, 1 error, 2 left on base; Memphis 1 - Reno 3
TOP OF THE 5TH
Memphis Redbirds batting - Pitching for Reno Aces : LHP Randy Eisenmann
Batting: RHB Chris Torlak 0-0: Foul Ball, location: 2F
0-1: Ground out U3 (Groundball, 34, EV 87.5 MPH)
Batting: RHB Colin Boddy 0-0: Called Strike
0-1: Called Strike
0-2: Ball
1-2: Strikes out swinging
Batting: RHB Josh Hoeye 0-0: DOUBLE (Groundball, 5L, EV 97.5 MPH)
Batting: LHB Tom Butterbaugh 0-0: Ball
1-0: Ball
2-0: Called Strike
2-1: Called Strike
2-2: Foul Ball, location: 2F
2-2: Ball
3-2: Ground out 4-3 (Groundball, 4, EV 90.0 MPH)
Top of the 5th over - 0 runs, 1 hit, 0 errors, 1 left on base; Memphis 1 - Reno 3
BOTTOM OF THE 5TH
Reno Aces batting - Pitching for Memphis Redbirds : LHP Justin Harris
Batting: RHB Alex Vasquez 0-0: Called Strike
0-1: SINGLE (Line Drive, 89S, EV 91.9 MPH)
Batting: LHB Chris Escobar 0-0: Foul Ball, location: 2F
0-1: Called Strike
0-2: Strikes out looking
Batting: SHB Troy Maynard 0-0: Foul Ball, location: 2F
0-1: Grounds into double play, 6-4-3 (Groundball, 6, EV 79.4 MPH)
Bottom of the 5th over - 0 runs, 1 hit, 0 errors, 0 left on base; Memphis 1 - Reno 3
TOP OF THE 6TH
Memphis Redbirds batting - Pitching for Reno Aces : LHP Randy Eisenmann
Batting: LHB Tim Olsen 0-0: Ball
1-0: Ball
2-0: Called Strike
2-1: Swinging Strike
2-2: Foul Ball, location: 2F
2-2: Strikes out looking
Batting: RHB Jorge Benites 0-0: Ball
1-0: Ball
2-0: SINGLE (Groundball, 6MD, EV 102.5 MPH)
Batting: SHB Quido van Erp 0-0: Called Strike
0-1: Ball
1-1: Ball
2-1: Ball
3-1: Base on Balls
Jorge Benites to second
Batting: RHB Travis Leonard 0-0: Swinging Strike
0-1: Called Strike
0-2: Strikes out looking
Batting: RHB Jason Keller 0-0: Called Strike
0-1: Ball
1-1: Ball
2-1: Foul Ball, location: 2F
2-2: Foul Ball, location: 2F
2-2: Foul Ball, location: 2F
2-2: Fielders Choice at 2nd, 5-4 (Groundball, 56, EV 78.8 MPH)
Top of the 6th over - 0 runs, 1 hit, 0 errors, 2 left on base; Memphis 1 - Reno 3
BOTTOM OF THE 6TH
Reno Aces batting - Pitching for Memphis Redbirds : LHP Justin Harris
Batting: RHB Joe Smack 0-0: Ball
1-0: Called Strike
1-1: Called Strike
1-2: Ball
2-2: Foul Ball, location: 2F
2-2: Ball
3-2: Strikes out swinging
Pitching: RHP Kenishi Tanaka
Batting: RHB Andy Swaim 0-0: Ball
1-0: Foul Ball, location: 2F
1-1: Ball
2-1: Foul Ball, location: 2F
2-2: Ball
3-2: Foul Ball, location: 2F
3-2: SINGLE (Line Drive, 4MD, EV 100.0 MPH)
Batting: SHB Salvador Aragon 0-0: Ball
Andy Swaim steals 2nd base (no throw)
1-0: Ball
2-0: Reached on error, E6 (Groundball, 6M, EV 83.1 MPH)
Andy Swaim to third
Batting: RHB Katilimomi Kelekolio 0-0: Ball
Wild Pitch!
Andy Swaim scores
Salvador Aragon to second
1-0: Intentional Walk
Batting: SHB Warren Eisner 0-0: Ball
1-0: SINGLE (Line Drive, 5D, EV 95.0 MPH)
Salvador Aragon to third
Katilimomi Kelekolio to second
Batting: RHB Israel Gaona 0-0: Swinging Strike
0-1: Ball
1-1: Foul Ball, location: 2F
1-2: Grounds into fielders choice 6-2 (Groundball, 6S, EV 70.0 MPH)
Katilimomi Kelekolio to third
Warren Eisner to second
Batting: RHB Alex Vasquez 0-0: Ball
1-0: Ball
2-0: Reached on error, E6 (Groundball, 56, EV 106.2 MPH)
Katilimomi Kelekolio scores
Warren Eisner to third
Israel Gaona to second
Batting: LHB Chris Escobar 0-0: Called Strike
0-1: Ball
1-1: Ball
2-1: Ball
3-1: Base on Balls
Warren Eisner scores
Israel Gaona to third
Alex Vasquez to second
Batting: SHB Troy Maynard 0-0: Called Strike
0-1: Ball
1-1: Foul Ball, location: 2F
1-2: Fly out, F9 (Flyball, 9S, EV 96.9 MPH)
Bottom of the 6th over - 3 runs, 2 hits, 2 errors, 3 left on base; Memphis 1 - Reno 6
TOP OF THE 7TH
Memphis Redbirds batting - Pitching for Reno Aces : LHP Randy Eisenmann
Pitching: RHP Alan Phillips
Batting: RHB Chris Torlak 0-0: Ground out 1-3 (Groundball, 13S, EV 72.5 MPH)
Batting: RHB Colin Boddy 0-0: Foul Ball, location: 2F
0-1: Ground out 6-3 (Groundball, 6S, EV 79.4 MPH)
Batting: RHB Josh Hoeye 0-0: Fly out, F6 (Line Drive, 6, EV 66.9 MPH)
Top of the 7th over - 0 runs, 0 hits, 0 errors, 0 left on base; Memphis 1 - Reno 6
BOTTOM OF THE 7TH
Reno Aces batting - Pitching for Memphis Redbirds : RHP Kenishi Tanaka
Batting: RHB Joe Smack 0-0: Swinging Strike
0-1: Called Strike
0-2: Ball
1-2: Foul Ball, location: 2F
1-2: Ball
2-2: Foul Ball, location: 2F
2-2: Strikes out looking
Pitching: RHP Alfonso Garza
Batting: RHB Andy Swaim 0-0: Ball
1-0: Swinging Strike
1-1: Ball
2-1: SINGLE (Line Drive, 9LM, EV 93.8 MPH)
Batting: SHB Salvador Aragon 0-0: Ball
1-0: Ball
2-0: Called Strike
2-1: Called Strike
2-2: Foul Ball, location: 2F
2-2: Ball
3-2: Foul Ball, location: 2F
3-2: Foul Ball, location: 2F
3-2: Fielders Choice at 2nd, 4-6 (Groundball, 34, EV 104.4 MPH)
Batting: RHB Katilimomi Kelekolio 0-0: Called Strike
Salvador Aragon steals 2nd base (no throw)
0-1: Foul Ball, location: 2F
0-2: Ball
1-2: Foul Ball, location: 2F
1-2: Ball
2-2: Ball
3-2: Fly out, F3 (Popup, 3SF, EV 68.1 MPH)
Bottom of the 7th over - 0 runs, 1 hit, 0 errors, 1 left on base; Memphis 1 - Reno 6
TOP OF THE 8TH
Memphis Redbirds batting - Pitching for Reno Aces : RHP Alan Phillips
Batting: LHB Tom Butterbaugh 0-0: Called Strike
0-1: Called Strike
0-2: Ball
1-2: Strikes out looking
Batting: LHB Tim Olsen 0-0: Foul Ball, location: 2F
0-1: Called Strike
0-2: Fly out, F5 (Popup, 56, EV 51.9 MPH)
Batting: RHB Jorge Benites 0-0: Ball
1-0: Called Strike
1-1: Ball
2-1: Ball
3-1: Ground out 3-1 (Groundball, 34, EV 79.4 MPH)
Top of the 8th over - 0 runs, 0 hits, 0 errors, 0 left on base; Memphis 1 - Reno 6
BOTTOM OF THE 8TH
Reno Aces batting - Pitching for Memphis Redbirds : RHP Alfonso Garza
Batting: SHB Warren Eisner 0-0: Swinging Strike
0-1: Ground out 4-3 (Groundball, 4, EV 109.4 MPH)
Batting: RHB Israel Gaona 0-0: Ball
1-0: Ball
2-0: Ball
3-0: Called Strike
3-1: Called Strike
3-2: Foul Ball, location: 2F
3-2: Strikes out swinging
Batting: RHB Alex Vasquez 0-0: Ball
1-0: Ball
2-0: SINGLE (Groundball, 34D, EV 104.4 MPH)
Batting: LHB Chris Escobar 0-0: Called Strike
0-1: Swinging Strike
0-2: Ball
Alex Vasquez steals 2nd base
1-2: 2-RUN HOME RUN (Line Drive, 7D, EV 108.8 MPH), Distance : 404 ft
Batting: SHB Troy Maynard 0-0: Ball
1-0: Ball
2-0: Ball
3-0: Called Strike
3-1: Foul Ball, location: 2F
3-2: Foul Ball, location: 2F
3-2: DOUBLE (Line Drive, 78D, EV 108.8 MPH)
Pinch Hitting: RHB Paul Van Gilder 0-0: Called Strike
0-1: Ball
1-1: Ball
2-1: Fly out, F9 (Flyball, 9, EV 84.4 MPH)
Bottom of the 8th over - 2 runs, 3 hits, 0 errors, 1 left on base; Memphis 1 - Reno 8
TOP OF THE 9TH
Memphis Redbirds batting - Pitching for Reno Aces : RHP Alan Phillips
Now in CF: Paul Van Gilder
Batting: SHB Quido van Erp 0-0: Ball
1-0: Called Strike
1-1: Swinging Strike
1-2: Ball
2-2: Ball
3-2: Strikes out swinging
Batting: RHB Travis Leonard 0-0: Swinging Strike
0-1: Called Strike
0-2: Foul Ball, location: 2F
0-2: Ball
1-2: Strikes out looking
Batting: RHB Jason Keller 0-0: Called Strike
0-1: Foul Ball, location: 2F
0-2: Foul Ball, location: 2F
0-2: Ball
1-2: Ball
2-2: Strikes out swinging
Top of the 9th over - 0 runs, 0 hits, 0 errors, 0 left on base; Memphis 1 - Reno 8
Thursday, March 31st , 2022 - OOTP Baseball 22.12 Build 89